 Dungeon Crawl Stone Soup version 0.26.1-2-gb8aa6d0cf2 (webtiles) character file.

Game seed: 5309466533942658739

45 phalm the Shield-Bearer (level 3, -2/23 HPs)
             Began as a Gargoyle Fighter on Mar 5, 2021.
             Was an Initiate of Wu Jian.
             Slain by an ogre
             ... wielding a +0 giant club
              (14 damage)
             ... on level 2 of the Dungeon.
             The game lasted 00:03:04 (936 turns).

phalm the Shield-Bearer (Gargoyle Fighter)           Turns: 936, Time: 00:03:05

Health: -2/23      AC: 10    Str: 20    XL:     3   Next: 64%
Magic:  3/3        EV:  7    Int:  8    God:    Wu Jian [......]
Gold:   61         SH:  9    Dex:  9    Spells: 2/2 levels left

rFire    . . .     SeeInvis .   a - +0 flail
rCold    . . .     Faith    .   c - +0 kite shield
rNeg     + . .     Spirit   .   b - +0 scale mail
rPois    ∞         Reflect  .   (no helmet)
rElec    +         Harm     .   (no cloak)
rCorr    .         Rampage  .   (no gloves)
Will     .....                  (no boots)
Stlth    ..........             e - amulet of regeneration
HPRegen  0.47/turn              (no ring)
MPRegen  0.08/turn              (no ring)

@: no status effects
A: negative energy resistance 1, electricity resistance, unbreathing,
petrification resistance, miasma immunity, AC +3
a: Renounce Religion


You were on level 2 of the Dungeon.
You worshipped Wu Jian.
Wu Jian was noncommittal.
You visited 1 branch of the dungeon, and saw 2 of its levels.

You collected 61 gold pieces.

Inventory:

Hand Weapons
 a - a +0 flail (weapon)
Armour
 b - a +0 scale mail (worn)
 c - a +0 kite shield (worn)
Jewellery
 e - an amulet of regeneration (around neck)
Scrolls
 f - a scroll of noise {unknown}
 h - 2 scrolls of identify {unknown}
 i - 2 scrolls of fear {unknown}
Potions
 d - a potion of might
 g - a potion of heal wounds {unknown}


   Skills:
 + Level 3.6 Fighting
 * Level 2.7 Maces & Flails
 + Level 3.5 Armour
 * Level 4.0 Shields


You had 2 spell levels left.
You didn't know any spells.
Your spell library was empty.

Dungeon Overview and Level Annotations

Branches:
Dungeon (2/15)

Altars:
Qazlal
Wu Jian
Yredelemnul


Innate Abilities, Weirdness & Mutations

You are resistant to torment.
Your stone body is resilient. (AC +3)
You are immune to poison.
You resist negative energy. (rN+)
You are resistant to electric shocks. (rElec)
You can survive without breathing.
You are immune to petrification.
You are immune to miasma.


Message History

You block the ogre's attack.
The jackal bites you but does no damage.
You hit the ogre.
The ogre is severely wounded.
You block the jackal's attack. The ogre hits you with a +0 giant club!
Ouch! That really hurt!
The jackal bites you but does no damage.
You are too injured to fight recklessly!
You are too injured to fight recklessly!
You hit the ogre.
The ogre is almost dead.
The jackal bites you but does no damage.
You block the ogre's attack.
The jackal bites you but does no damage.
You hit the ogre.
The ogre is almost dead.
The jackal bites you but does no damage.
The ogre hits you with a +0 giant club!
Ouch! That really hurt!
You die...

...#
###.####.#####
..... ##...#....#
....####..##..####
#....#..###.##
#.##...##...#
#..##..#..### ####
#........### #
#...
####.#..?....... .
#...
.......@h..#####
#. #...
####..#O##.#
#.##... ........
..> .......
####.##.#......
#.... ..
.<..####.. ##<..
.. ..# #
#..####... .## ..#
#...†.... .###
##......# ##......


You could see an ogre and a jackal.

Vanquished Creatures
  An adder (D:2)
  An ooze (D:1)
  A dart slug (D:1)
  A leopard gecko (D:1)
  6 bats (D:1)
  2 giant cockroaches (D:1)
  4 goblins (D:1)
  3 jackals (D:2)
  A ball python (D:1)
  A frilled lizard (D:1)
  2 kobolds (D:1)
  5 rats (D:1)
28 creatures vanquished.

Notes
Turn   | Place    | Note
-------+----------+-------------------------------------------
     0 | D:1      | phalm the Gargoyle Fighter began the quest for the Orb.
     0 | D:1      | Reached XP level 1. HP: 14/14 MP: 1/1
   142 | D:1      | Reached XP level 2. HP: 19/19 MP: 2/2
   456 | D:1      | Reached XP level 3. HP: 23/23 MP: 3/3
   840 | D:2      | Found a basalt altar of Yredelemnul.
   847 | D:2      | Found an ornate altar of the Wu Jian Council.
   851 | D:2      | Became a worshipper of the Wu Jian Council
   855 | D:2      | Found a stormy altar of Qazlal.
   920 | D:2      | Reached skill level 4 in Shields
   927 | D:2      | Noticed an ogre
   936 | D:2      | Slain by an ogre

Illustrated notes

Levels and vault maps discovered:
D:1:      roderic_crossed_star, layout_basic
D:2:      layout_rooms, grunt_temple_overflow_diamond, lemuel_altar_in_water,
          uniq_robin, uniq_crazy_yiuf_cottage

Skill      XL: |  1  2  3 |
---------------+----------+-----
Shields        | 4 |  4.0
Fighting       | |  3.6
Maces & Flails | |  2.7
Armour         | |  3.5

Action                   || total
-------------------------++-------
Melee: Flail             ||   124
Armor: Scale mail        ||    78
Dodge: Dodged            ||    61
Block: Kite shield       ||    76
